 Dungeon Crawl Stone Soup version 0.30-a0-715-gdb4ae3ece1 (webtiles) character file.

Game seed: 5556879519178405666

3652 vineage the Fighter (level 10, 0/71 HPs)
             Began as a Gargoyle Fighter on Jan 24, 2023.
             Was a Follower of Okawaru.
             Slain by a wight
             ... wielding a +2 morningstar of freezing
              (2 damage)
             ... on level 7 of the Dungeon.
             The game lasted 00:09:09 (7788 turns).

vineage the Fighter (Gargoyle Fighter)              Turns: 7788, Time: 00:09:10

Health: 0/71       AC: 21    Str: 24    XL:     10   Next: 12%
Magic:  10/10      EV:  7    Int:  9    God:    Okawaru [*.....]
Gold:   249        SH:  5    Dex:  9    Spells: 9/9 levels left

rFire   . . .      SeeInvis .    a - +0 flail
rCold   . . .      Faith    .    c - +0 buckler
rNeg    + + .      Spirit   .    g - +0 chain mail
rPois   ∞          Reflect  .    (no helmet)
rElec   +          Harm     .    x - +1 cloak
rCorr   .          Rampage  .    k - +1 pair of gloves
Will    .....                    (no boots) Stlth
                                 (no amulet)
HPRegen 0.31/turn                f - ring of positive energy
MPRegen 0.12/turn                (no ring)

@: no status effects
A: sickness immunity, AC +7, negative energy resistance 1, electricity
resistance, torment resistance 1, petrification resistance
a: Renounce Religion, Heroism


You were on level 7 of the Dungeon.
You worshipped Okawaru.
Okawaru was aware of your devotion.
You visited 2 branches of the dungeon, and saw 9 of its levels.

You collected 391 gold pieces.
You spent 142 gold pieces at shops.

Inventory:

Hand Weapons
 a - a +0 flail (weapon)
Armour
 c - a +0 buckler (worn)
 g - a +0 chain mail (worn)
 k - a +1 pair of gloves (worn)
 x - a +1 cloak (worn)
Jewellery
 e - an amulet of guardian spirit
 f - a ring of positive energy (left hand)
 u - a ring of fire
Wands
 o - a wand of flame (19)
Scrolls
 b - a scroll of amnesia
 l - a scroll of enchant armour
 v - a scroll of teleportation
 w - a scroll of fear
Potions
 d - 3 potions of might
 h - 3 potions of heal wounds
 i - a potion of invisibility
 j - a potion of curing
 m - a potion of magic {unknown}
 n - a potion of flight {unknown}
 p - a potion of attraction {unknown}
 q - a potion of lignification
 r - a potion of brilliance {unknown}
 s - a potion of mutation {unknown}
 t - a potion of berserk rage {unknown}


   Skills:
 * Level 11.9 Fighting
 + Level 7.6 Maces & Flails
 + Level 5.7 Armour
 + Level 5.8 Shields


You had 9 spell levels left.
You didn't know any spells.
Your spell library contained the following spells:

 Spells                   Type           Power      Damage    Failure   Level
 Blink                    Tloc           0%         N/A       99%         2
 Lesser Beckoning         Tloc           0%         N/A       99%         2
 Momentum Strike          Conj/Tloc      0%         3d8       99%         2
 Dazzling Flash           Conj/Hex       0%         N/A       100%        3
 Inner Flame              Hex/Fire       0%         N/A       100%        3
 Airstrike                Air            0%         2d(0-16)  100%        4
 Flame Wave               Conj/Fire      0%         2d4       100%        4
 Sticky Flame             Conj/Fire      0%         2d3       100%        4
 Agony                    Necr           0%         N/A       100%        5
 Lightning Bolt           Conj/Air       0%         1d11      100%        5
 Silence                  Hex/Air        0%         N/A       100%        5
 Summon Lightning Spire   Summ/Air       Unusable   N/A       N/A         4

Dungeon Overview and Level Annotations

Branches:
Dungeon (8/15)             Temple (1/1) D:5
   Lair: D:8-11

Altars:
Ashenzari
Cheibriados
Dithmenos
Elyvilon
Fedhas
Gozag
Hepliaklqana
Kikubaaqudgha
Makhleb
Nemelex Xobeh
Okawaru
Qazlal
Ru
Sif Muna
Trog
Uskayaw
Vehumet
Wu Jian
Xom
Yredelemnul
Zin
The Shining One

Shops:
D:7 *   D:8 =

Annotations:
D:8 Pikel


Innate Abilities, Weirdness & Mutations

You are immune to sickness and miasma.
Your stone body is resilient. (AC +7)
You are immune to poison.
You resist negative energy. (rN+)
You are resistant to electric shocks. (rElec)
You are resistant to unholy torment.
You are immune to petrification.


Message History

The hornet closely misses you.
You hit the hornet but do no damage.
The hornet is almost dead.
You block the hornet's attack.
The hornet stings you but does no damage.
You closely miss the hornet.
The hornet is almost dead.
The hornet barely misses you.
You hit the hornet.
You kill the hornet!
Okawaru accepts your kill.
You can now gain great but temporary skills.
Pikel, Merchant of Souls comes into view.
He is wielding a +2 whip of flaming.
A gnoll comes into view. It is wielding a +0 spear.
Pikel shouts!
The gnoll shouts!
You hear a shout!
A gnoll comes into view. It is wielding a +0 halberd.
A gnoll comes into view. It is wielding a +0 spear. x2
You block the gnoll sergeant's attack.
The gnoll shouts! x2
You thump the gnoll sergeant!
The gnoll sergeant is moderately wounded.
You hear a shout!
A gnoll comes into view. It is wielding a +0 spear.
The gnoll sergeant hits you with a +0 trident.
* * * LOW HITPOINT WARNING * * *
A lemure comes into view. 2 lemures come into view.
The lemure shouts!
The gnoll sergeant barely misses you.
The gnoll sergeant hits you but does no damage.
There is a stone staircase leading up here.
The gnoll sergeant hits you but does no damage.
The lemure hits you.
* * * LOW HITPOINT WARNING * * *
You climb upwards.
You block the wight's attack.
The wight hits you but does no damage. x2
The wight hits you with a +2 morningstar of freezing.
* * * LOW HITPOINT WARNING * * *
The wight freezes you.
You die...

+∩'..........#
#+#..........#
.............#
.............#
..####.##÷..######
..####.##...##...##
..#.....#...#.....#
..#.....+...'..z..#
..'.....#...#..z@.#
..#....####+###.5####
..##...##...####....#
####...##...>#..h...####
...#........hz.........#
...#.........♣♣♣♣'♣♣♣♣.#
...#.........+.......'.#
..##...##.##.♣.≈...≈.♣.#
..##...##[##'♣.≈._.≈.♣.#


You could see a lemure, a howler monkey and 2 wights.

Vanquished Creatures
  Grinder (D:4)
  3 hornets
  A steam dragon (D:6)
  A water moccasin (D:6)
  An orc warrior (D:7)
  3 black bears
  2 ogres
  2 phantoms
  2 necrophages
  2 scorpions (D:5)
  4 bullfrogs
  A gnoll sergeant (D:6)
  8 wights
  4 killer bees (D:8)
  5 orc priests
  3 hounds (D:5)
  4 iguanas
  7 orc wizards
  9 gnolls
  6 adders
  2 shadow imps
  3 white imps
  2 ufetubi (D:5)
  6 dart slugs
  21 orcs
  13 endoplasms
  A giant cockroach (D:3)
  6 goblins
  6 hobgoblins
  4 kobolds
  2 quokkas (D:4)
  5 ball pythons
  4 bats
  6 frilled lizards
  9 rats
159 creatures vanquished.

Vanquished Creatures (others)
  An orc wizard (D:3)
  13 fungi (D:6)
14 creatures vanquished.

Grand Total: 173 creatures vanquished

Notes
Turn   | Place    | Note
-------+----------+-------------------------------------------
     0 | D:1      | vineage the Gargoyle Fighter began the quest for the Orb.
     0 | D:1      | Reached XP level 1. HP: 14/14 MP: 1/1
   377 | D:1      | Reached XP level 2. HP: 20/20 MP: 2/2
   499 | D:1      | Reached skill level 4 in Fighting
   709 | D:1      | Reached XP level 3. HP: 24/24 MP: 3/3
  1516 | D:2      | Reached XP level 4. HP: 26/30 MP: 4/4
  2048 | D:3      | Reached skill level 5 in Fighting
  2057 | D:3      | Reached XP level 5. HP: 8/35 MP: 5/5
  2912 | D:3      | Noticed a phantom
  2930 | D:3      | Killed a phantom
  2931 | D:3      | Reached skill level 6 in Fighting
  3114 | D:4      | Reached XP level 6. HP: 41/41 MP: 6/6
  3170 | D:4      | Noticed Grinder
  3174 | D:4      | Paralysed by Grinder for 2 turns
  3202 | D:4      | Killed Grinder
  3203 | D:4      | Reached skill level 7 in Fighting
  3300 | D:4      | Reached XP level 7. HP: 39/48 MP: 7/7
  3449 | D:4      | Found a shimmering blue altar of Sif Muna.
  3920 | D:5      | Entered Level 5 of the Dungeon
  3975 | D:5      | Found a staircase to the Ecumenical Temple.
  4010 | D:5      | Reached skill level 8 in Fighting
  4010 | D:5      | Reached skill level 5 in Maces & Flails
  4124 | Temple   | Entered the Ecumenical Temple
  4417 | D:5      | Reached XP level 8. HP: 42/55 MP: 8/8
  4686 | D:5      | Reached skill level 9 in Fighting
  5060 | D:5      | Identified the +0 helmet "Sanijen" {*Slow Str+7 Dex-2}
  5499 | D:6      | Reached skill level 10 in Fighting
  5521 | D:6      | Reached XP level 9. HP: 39/62 MP: 9/9
  5685 | D:6      | Noticed a hornet
  5708 | D:6      | Killed a hornet
  6766 | D:7      | Reached skill level 11 in Fighting
  6896 | D:7      | HP: 1/64 [orc priest/divine providence (15)]
  6903 | D:7      | Reached skill level 5 in Shields
  7262 | D:7      | Reached skill level 5 in Armour
  7331 | D:7      | Found Mumyot's Assorted Antiques.
  7334 | D:7      | Bought a runed cloak for 142 gold pieces
  7369 | D:7      | Found an iron altar of Okawaru.
  7388 | D:7      | Became a worshipper of Warmaster Okawaru
  7505 | D:8      | Noticed a hornet
  7522 | D:8      | Killed a hornet
  7523 | D:8      | Reached XP level 10. HP: 12/71 MP: 10/10
  7650 | D:8      | Found Ciaxtahuocs's Jewellery Emporium.
  7782 | D:8      | Reached * piety under Okawaru
  7782 | D:8      | Noticed Pikel
  7788 | D:7      | HP: 2/71 [wight/+2 morningstar of freezing (6)]
  7788 | D:7      | Slain by a wight

Illustrated notes

Levels and vault maps discovered:
D:1:      minmay_arrival_four_loops, layout_basic, hangedman_glass_teeth,
          feat_on_display
D:2:      layout_basic
D:3:      layout_basic, kennysheep_crisscross, minmay_misc_feat_tiny
D:4:      layout_gridville, nicolae_sif_muna_condensation,
          kennysheep_generic_room_10, uniq_grinder
D:5:      layout_basic, minmay_temple_entry_drinking_statues
D:6:      layout_basic, serial_aquarium, aquarium_bridge_straight
          [aquarium_subvault_bridge, aquarium_subvault_window,
          aquarium_subvault_bridge, aquarium_subvault_wall],
          aquarium_bridge_island_small [aquarium_subvault_small_open,
          aquarium_subvault_window, aquarium_subvault_bridge,
          aquarium_subvault_wall, aquarium_subvault_wall],
          aquarium_window_corridor_1, aquarium_window_fake, aquarium_view_2d,
          aquarium_view_2b
D:7:      layout_gridville, mainiacjoe_overflow_six_doors_small, serial_shops,
          kennysheep_mini, minmay_misc_feat_alley, kennysheep_flooded_box
D:8:      layout_cave_pools, nicolae_take_the_stairs, uniq_maurice, uniq_pikel
Temple:   nicolae_temple_slightly_damp_pantheon

Skill      XL: |  1  2  3  4  5  6  7  8  9 |
---------------+----------------------------+-----
Fighting       | 4 5 6 7 8 10 11 | 11.9
Maces & Flails | 3 4 5 6 7 |  7.6
Armour         | 5 |  5.7
Shields        | 5 |  5.8

Action                     |  1- 3 |  4- 6 |  7- 9 | 10-12 || total
---------------------------+-------+-------+-------+-------++-------
  Melee: Flail             |   101 |   141 |   471 |    56 ||   769
    Use: Scroll            |     1 |     9 |     4 |       ||    14
         Potion            |       |       |     7 |     1 ||     8
   Stab: Invisible         |       |       |     3 |       ||     3
 Armour: Scale mail        |    10 |       |       |       ||    10
         Chain mail        |    49 |    76 |   365 |    70 ||   560
  Dodge: Dodged            |    34 |    39 |   185 |    42 ||   300
  Block: Buckler           |    23 |    21 |    93 |    21 ||   158

Table legend: (Time is in decaauts)
 A = Elapsed time spent in this place.
 B = Non-inter-level travel time spent in this place.
 C = Inter-level travel time spent in this place.
 D = Time resting spent in this place.
 E = Time spent auto-exploring this place.
 F = Levels seen in this place.
 G = Mean time per level.
                   A        B        C        D        E       F      G
               +--------+--------+--------+--------+--------+-----+--------+
         Total |   7923 |   7640 |    283 |    794 |   5291 |   9 |  880.3 |
       Dungeon |   7669 |   7496 |    173 |    794 |   5158 |   8 |  958.6 |
        Temple |    253 |    143 |    110 |      0 |    133 |   1 |  253.0 |
               +--------+--------+--------+--------+--------+-----+--------+

Top non-repeatable levels by time:
     D:6: 1313 daAuts
     D:1: 1191 daAuts
     D:5: 1136 daAuts
     D:3: 1052 daAuts
     D:7: 944 daAuts
     D:4: 894 daAuts
     D:2: 858 daAuts
     D:8: 277 daAuts
  Temple: 253 daAuts
